AoeStats
← luciano.collari

Arena

509979325Analyzed
1v1 RM · 3d ago on Sep 28, 2026· 24m 25s· 2 players
Game mode
Random Map
Map size
Tiny (2 player)
Population
200
Speed
Normal
Resources
Standard
Victory
Conquest
Starting age
Dark Age
Ending age
Imperial Age
RankedLock teamsTeams togetherTeam positionsShared explorationLock speedFull tech treeHidden civsTurbo modeCheats
Victory
Defeat
🇦🇷 Malay · Argentina
1221
+17
🇨🇱 Turks · Chile
1232
-17
Emma AoE
2:51 Loom
10:48 Feudal Age
15:09 Castle Age
luciano.collari
10:04 Feudal Age
13:54 Castle Age
13:06 Double-Bit Axe
14:15 Horse Collar
15:03 Loom
Connection lost

Rejoining the realm…

Still unreachable

The connection could not be restored.

Session expired

The server has moved on; the page needs a fresh start.